 Dungeon Crawl Stone Soup version 0.29-a0-553-g81b289dbe5 (webtiles) character file.

Game seed: 12817926360498661737

54075 siradein the Black Sun (level 14, -1/110 HPs)
             Began as a Demonspawn Necromancer on June 6, 2022.
             Was a High Priest of Kikubaaqudgha.
             Slain by a two-headed ogre
             ... wielding a +0 giant club
              (15 damage)
             ... on level 2 of the Orcish Mines on June 7, 2022.
             The game lasted 02:07:35 (24197 turns).

siradein the Black Sun (Demonspawn Necromancer)    Turns: 24197, Time: 02:07:36

Health: -1/110     AC: 22    Str:  9    XL:     14   Next: 33%
Magic:  5/39       EV: 14    Int: 21    God:    Kikubaaqudgha [*****.]
Gold:   1572       SH: 10    Dex: 14    Spells: 5/37 levels left

rFire   + + +      SeeInvis .   P - +5 eveningstar (pain)
rCold   . . .      Faith    .   x - +0 kite shield of Tenacity {Drain rF+++ Will+ MP+9}
rNeg    . . .      Spirit   .   n - +3 ring mail
rPois   .          Reflect  .   N - +2 hat
rElec   .          Harm     .   I - +1 cloak
rCorr   .          Rampage  .   (gloves unavailable)
Will    ++...                   t - +2 pair of boots
Stlth   ++........              Z - amulet of magic regeneration
HPRegen 0.28/turn               W - ring "Ajeec" {AC+4 Slay+2}
MPRegen 0.66/turn               q - +4 ring of evasion

@: animating dead
A: claws 3, spiny 2, sturdy frame 3
a: Renounce Religion, Unearth Wretches, Torment


You were on level 2 of the Orcish Mines.
You worshipped Kikubaaqudgha.
Kikubaaqudgha was extremely pleased with you.
You visited 4 branches of the dungeon, and saw 21 of its levels.

You collected 1676 gold pieces.
You spent 104 gold pieces at shops.

Inventory:

Hand Weapons
 w - the +5 whip of Peace {vorpal, rElec rN+ Int+3}
   (You found it on level 4 of the Dungeon)

   It inflicts extra damage upon your enemies.
   Int:       It affects your intelligence (+3).
   rElec:     It insulates you from electricity.
   rN:        It protects you from negative energy.
 P - a +5 eveningstar of pain (weapon)
 Y - the +5 hand crossbow of the Mauling Gods {speed, rC+ Int+4 Dex-2}
   (You found it on level 11 of the Dungeon)

   Attacks with this weapon are significantly faster.
   Int:       It affects your intelligence (+4).
   Dex:       It affects your dexterity (-2).
   rC:        It protects you from cold.
Armour
 n - a +3 ring mail (worn)
 t - a +2 pair of boots (worn)
 x - the +0 kite shield of Tenacity (worn) {Drain rF+++ Will+ MP+9}
   (You acquired it on level 1 of the Lair of Beasts)

   rF:        It renders you almost immune to fire.
   MP:        It affects your magic capacity (+9).
   Drain:     It drains your maximum health when unequipped.
   Will:      It increases your willpower.
 I - a +1 cloak (worn)
 N - a +2 hat (worn)
Jewellery
 d - a ring of see invisible
 e - a ring of fire
 q - a +4 ring of evasion (right claw)
 Q - a ring of positive energy
 W - the ring "Ajeec" (left claw) {AC+4 Slay+2}
   (You found it on level 11 of the Dungeon)

   [ring of protection]

   AC:        It affects your AC (+4).
   Slay:      It affects your accuracy & damage with ranged weapons and melee
   (+2).
 Z - an amulet of magic regeneration (around neck)
Wands
 k - a wand of mindburst (11)
 p - a wand of iceblast (16)
 r - a wand of acid (12)
 A - a wand of charming (12)
 C - a wand of flame (25)
 U - a wand of digging (26)
Scrolls
 g - 3 scrolls of summoning
 h - 4 scrolls of magic mapping
 j - 12 scrolls of teleportation
 l - 3 scrolls of fear {unknown}
 y - 2 scrolls of amnesia
 z - 2 scrolls of immolation {unknown}
 B - 3 scrolls of silence
 E - a scroll of torment {unknown}
 F - 2 scrolls of brand weapon
 H - 5 scrolls of fog {unknown}
 K - 2 scrolls of vulnerability {unknown}
 M - 3 scrolls of poison
 S - 2 scrolls of blinking {unknown}
Potions
 a - 4 potions of heal wounds
 b - 2 potions of magic
 c - a potion of cancellation
 f - 3 potions of berserk rage
 i - 6 potions of attraction
 m - 18 potions of curing
 o - 4 potions of lignification
 s - 3 potions of brilliance
 u - a potion of experience {unknown}
 v - 2 potions of might
 D - 6 potions of mutation
 J - a potion of invisibility
 L - 3 potions of ambrosia {unknown}
 R - 2 potions of flight {unknown}
 T - 4 potions of haste
Miscellaneous
 O - a lightning rod (4/4)
 V - a box of beasts


   Skills:
 - Level 10.0 Fighting
 + Level 4.4 Maces & Flails
 - Level 10.0 Armour
 - Level 1.7 Dodging
 - Level 1.7 Stealth
 + Level 8.0 Shields
 + Level 12.3 Spellcasting
 + Level 14.9 Necromancy


You had 5 spell levels left.
You knew the following spells:

 Your Spells              Type           Power      Damage    Failure   Level
a - Dispel Undead         Necr           66%        3d23      1%          4
b - Vampiric Draining     Necr           66%        2d10      1%          3
c - Animate Dead          Necr           66%        N/A       1%          4
d - Death Channel         Necr           33%        N/A       4%          6
e - Simulacrum            Ice/Necr       22%        N/A       65%         6
f - Anguish               Hex/Necr       22%        N/A       6%          4
g - Borgnjor's Vile Clut  Necr/Erth      22%        N/A       16%         5

Your spell library contained the following spells:

 Spells                   Type           Power      Damage    Failure   Level
 Necrotize                Necr           100%       1d9       1%          1
 Sublimation of Blood     Necr           66%        N/A       1%          2
 Agony                    Necr           66%        N/A       1%          5
 Corpse Rot               Necr/Pois/Air  33%        N/A       16%         4
 Ensorcelled Hibernation  Hex/Ice        24%        N/A       19%         2
 Passwall                 Tmut/Erth      10%        N/A       19%         2
 Ignite Poison            Fire/Tmut/Pois 12%        N/A       36%         3
 Mephitic Cloud           Conj/Pois/Air  12%        N/A       36%         3
 Ozocubu's Armour         Ice            12%        N/A       36%         3
 Swiftness                Air            12%        N/A       36%         3
 Freezing Cloud           Conj/Ice/Air   6%         6-21      98%         5
 Metabolic Englaciation   Hex/Ice        6%         N/A       98%         5


Dungeon Overview and Level Annotations

Branches:
Dungeon (12/15)            Temple (1/1) D:5            Lair (6/6) D:11
 Shoals (0/4) Lair:3       Spider (0/4) Lair:3        Slime (0/5) Lair:6
    Orc (2/2) D:9             Elf (0/3) Orc:2

Altars:
Ashenzari
Cheibriados
Dithmenos
Elyvilon
Fedhas
Gozag
Hepliaklqana
Kikubaaqudgha
Makhleb
Nemelex Xobeh
Okawaru
Qazlal
Ru
Sif Muna
Trog
Uskayaw
Vehumet
Wu Jian
Xom
Zin
The Shining One
Beogh
Jiyva

Shops:
D:3 :   D:5 !   Orc:1 *

Annotations:
Lair:5 exclusion: orange crystal statue
Lair:6 1 runed translucent door


Innate Abilities, Weirdness & Mutations

You have claws for hands.
You are mostly covered in sharp spines.
Your movements are significantly less encumbered by armour. (ER -6)


Message History

The two-headed ogre barely misses you. The two-headed ogre misses you.
You block something's attack.
Okay, then.
Casting: Vampiric Draining (safe; 1% risk of failure)
Confirm with . or Enter, or press ? or * to list all spells.
Aiming: Vampiric Draining (safe; 1% risk of failure)
Press: ? - help, Shift-Dir - straight line, f - two-headed ogre
Aim: a two-headed ogre, wielding a +0 giant spiked club and a +0 giant club (severely wounded)
You draw life force from the two-headed ogre.
You feel life coursing into your body.
The two-headed ogre is struck by your spines.
The two-headed ogre hits you with a +0 giant club.
The two-headed ogre completely misses you.
Your two-headed ogre zombie closely misses the ogre.
Your two-headed ogre zombie hits the ogre.
You block the two-headed ogre's attack.
The two-headed ogre completely misses you.
Something hits you but does no damage. You block the ogre's attack.
Unknown command.
Something hits you but does no damage. You block something's attack.
The two-headed ogre attacks as you move away!
The two-headed ogre hits you with a +0 giant spiked club!
The two-headed ogre hits you with a +0 giant club!
* * * LOW HITPOINT WARNING * * *
You block the two-headed ogre's attack. The two-headed ogre misses you.
Your two-headed ogre zombie hits the two-headed ogre. x2
The two-headed ogre misses you. You block the two-headed ogre's attack.
The two-headed ogre attacks as you move away!
You block the two-headed ogre's attack. The two-headed ogre closely misses you.
Something hits you but does no damage. Kikubaaqudgha accepts your kill.
Reactivating autopickup.
You feel a bit more experienced.
The two-headed ogre attacks as you move away!
The two-headed ogre hits you with a +0 giant club!
* * * LOW HITPOINT WARNING * * *
The two-headed ogre hits you with a +0 giant club!
You die...
Kikubaaqudgha rasps: "You have failed me!
Welcome... death!"

........#.............##
......#.#..............#
....#$...#............#
...#..................#
...##.#..#............#
)..#.....##.........).##
)))##.....#.$.......)..#
).))#....)...O.....)).##
#.).)..)..ZO.OOO@<.....#
.......)...O..)........#
.......................#
............#.........##
#...#.$.....#..........#
...#.................$##
...........#...#.......#
..........###.#..#....##
...#.##.... ##.......##


You could see 3 two-headed ogres, 3 ogres and a friendly two-headed ogre zombie.

Vanquished Creatures
  A boulder beetle (Lair:5)
  2 hydras
  A catoblepas (Lair:4)
  3 two-headed ogres
  An ogre mage (Orc:2)
  An anaconda (Lair:6)
  A spectral death yak (Lair:6)
  The ghost of purpskrrrp the Spear-Bearer, a novice FoFi of Makhleb (D:8)
  2 orc knights
  Pikel (D:8)
  3 necromancers (Lair:6)
  An orc sorcerer (Orc:2)
  3 cyclopes
  A black mamba (shapeshifter) (D:12)
  13 elephants
  4 black mambas
  9 cane toads
  A torpor snail (Lair:3)
  3 unseen horrors
  11 komodo dragons
  A yaktaur (D:12)
  4 trolls
  A meliai (Lair:3)
  Grinder (D:4)
  A polar bear (Lair:2)
  5 slime creatures (D:12)
  2 blink frogs (Lair:3)
  29 yaks
  A vampire (D:12)
  A dire elephant simulacrum (Lair:6)
  A wraith (D:12)
  4 wyverns
  4 basilisks
  13 vampire mosquitoes
  A steam dragon (D:7)
  2 death yak simulacra (Lair:6)
  2 spectral cane toads (Lair:6)
  Menkaure (D:5)
  2 wargs
  2 acid dragons
  15 water moccasins
  16 orc warriors
  2 black bears
  8 ogres
  2 elephant zombies (Lair:6)
  3 centaurs
  3 wolves (Lair:3)
  A lemure (D:8)
  2 elephant skeletons (Lair:6)
  A kobold brigand (D:11)
  Blork the orc (D:5)
  11 bullfrogs
  4 scorpions
  A cane toad simulacrum (Lair:6)
  2 elephant simulacra (Lair:6)
  10 killer bees
  A jelly (D:3)
  9 orc priests
  2 hounds
  5 iguanas
  17 orc wizards
  4 gnolls (D:3)
  5 adders
  2 white imps
  3 ufetubi
  A worm (D:3)
  A dart slug (D:2)
  52 orcs
  8 ball pythons
  10 endoplasms
  6 giant cockroaches
  6 goblins
  4 hobgoblins
  2 jackals (D:1)
  8 kobolds
  6 quokkas
  8 bats
  2 frilled lizards
  4 rats
389 creatures vanquished.

Vanquished Creatures (collateral kills)
  A hydra (Lair:3)
  A boulder beetle (D:11)
  An ogre mage (Orc:2)
  A death yak (Lair:6)
  5 elephants
  A molten gargoyle (D:12)
  2 cane toads
  A polar bear (Lair:1)
  A hornet (Lair:3)
  2 trolls
  8 blink frogs (Lair:3)
  5 dream sheep
  A slime creature (D:12)
  A wraith (D:11)
  9 yaks
  A wyvern (Lair:3)
  2 basilisks
  4 vampire mosquitoes
  A warg (Orc:2)
  2 water moccasins
  An orc warrior (Orc:1)
  2 black bears
  4 ogres
  A wolf (Lair:3)
  A centaur (D:6)
  A kobold brigand (D:7)
  A bullfrog (Lair:4)
  A scorpion (D:7)
  A howler monkey (D:10)
  3 lava snakes (Lair:5)
  An orc priest (Orc:2)
  Crazy Yiuf (D:7)
  An iguana (D:7)
  6 orc wizards
  A shadow imp (D:7)
  22 orcs
  A goblin (D:4)
  A jackal (D:1)
  2 kobolds
  A frilled lizard (D:2)
  A rat (D:3)
104 creatures vanquished.

Vanquished Creatures (others)
  A boulder beetle (D:12)
  A catoblepas (D:12)
  An anaconda zombie (Lair:6)
  A cyclops (D:12)
  A gargoyle (D:9)
  A two-headed ogre zombie (D:12)
  2 human zombies (Lair:6)
  3 cane toad zombies
  12 elephant zombies
  A komodo dragon zombie (Lair:6)
  3 cyclops zombies (D:12)
  3 wyvern zombies
  6 water moccasin zombies
  7 yak zombies
  A troll zombie (Orc:2)
  A howler monkey (D:12)
  4 wolf zombies (Lair:3)
  A bullfrog zombie (Lair:3)
  A black bear zombie (D:11)
  7 killer bee zombies
  5 ogre zombies
  37 orc zombies
  A kobold zombie (D:11)
  22 fungi
  55 plants
  33 withered plants (Lair:6)
211 creatures vanquished.

Grand Total: 704 creatures vanquished

Notes
Turn   | Place    | Note
-------+----------+-------------------------------------------
     0 | D:1      | siradein the Demonspawn Necromancer began the quest for the
                  | Orb.
     0 | D:1      | Reached XP level 1. HP: 13/13 MP: 3/3
   412 | D:1      | Gained mutation: You are partially covered in sharp spines.
                  | [demonic ancestry]
   412 | D:1      | Reached XP level 2. HP: 19/19 MP: 0/5
   563 | D:1      | You fall into a shaft and drop 1 floor!
   850 | D:1      | Reached skill level 5 in Necromancy
   850 | D:1      | Gained mutation: You are mostly covered in sharp spines.
                  | [demonic ancestry]
   850 | D:1      | Reached XP level 3. HP: 24/24 MP: 4/7
  1613 | D:2      | Reached XP level 4. HP: 30/30 MP: 5/8
  1617 | D:2      | Learned a level 3 spell: Vampiric Draining
  1622 | D:2      | Learned a level 4 spell: Animate Dead
  1642 | D:2      | Found a faded altar of an unknown god.
  2703 | D:3      | Found Duots's Book Shop.
  2853 | D:3      | Gained mutation: Your movements are slightly less
                  | encumbered by armour. (ER -2) [demonic ancestry]
  2853 | D:3      | Reached XP level 5. HP: 35/35 MP: 5/10
  3215 | D:3      | Reached skill level 6 in Necromancy
  4243 | D:4      | Reached XP level 6. HP: 41/41 MP: 7/12
  4347 | D:4      | Noticed Grinder
  4569 | D:4      | Identified the +5 whip of Peace {vorpal, rElec rN+ Int+3}
  4946 | D:4      | Reached skill level 7 in Necromancy
  5343 | D:5      | Entered Level 5 of the Dungeon
  5343 | D:5      | Noticed Menkaure
  5399 | D:5      | Found Yhoci's Distillery.
  5671 | D:5      | Reached skill level 5 in Spellcasting
  5792 | D:5      | Reached XP level 7. HP: 46/46 MP: 12/14
  5904 | D:5      | Killed Menkaure
  6226 | D:5      | Bought a potion of brilliance for 52 gold pieces
  6226 | D:5      | Bought a potion of might for 52 gold pieces
  6269 | D:5      | Reached skill level 8 in Necromancy
  6488 | D:5      | Found a staircase to the Ecumenical Temple.
  6497 | Temple   | Entered the Ecumenical Temple
  6769 | Temple   | Became a worshipper of Kikubaaqudgha
  6839 | D:5      | Found a broken altar of Ashenzari.
  6842 | D:5      | Noticed Blork the orc
  6866 | D:5      | Killed Blork the orc
  6867 | D:5      | Reached skill level 1 in Fighting
  7046 | D:5      | Reached skill level 1 in Armour
  7046 | D:5      | Reached XP level 8. HP: 49/54 MP: 6/17
  7221 | D:5      | Found a sparkling altar of Nemelex Xobeh.
  7656 | D:6      | Reached skill level 9 in Necromancy
  7664 | D:6      | Gained mutation: You have sharp fingernails. [demonic
                  | ancestry]
  7664 | D:6      | Reached XP level 9. HP: 62/65 MP: 3/19
  8911 | D:7      | Reached * piety under Kikubaaqudgha
  8911 | D:7      | Received a gift from Kikubaaqudgha
  9302 | D:7      | Reached skill level 5 in Fighting
  9409 | D:7      | Found a runed translucent door.
  9410 | D:7      | Noticed Crazy Yiuf
  9420 | D:7      | Killed Crazy Yiuf
  9580 | D:8      | Reached skill level 10 in Necromancy
 10098 | D:8      | Found a runed translucent gate.
 10099 | D:8      | Noticed purpskrrrp's ghost (novice FoFi)
 10104 | D:8      | Learned a level 4 spell: Anguish
 10104 | D:8      | Found a runed translucent gate.
 10108 | D:8      | Found a runed translucent gate.
 10355 | D:9      | Reached skill level 5 in Armour
 10512 | D:9      | Found a staircase to the Orcish Mines.
 10512 | D:9      | Noticed Pikel
 10597 | D:9      | Gained mutation: You have very sharp fingernails. [demonic
                  | ancestry]
 10597 | D:9      | Reached XP level 10. HP: 67/75 MP: 17/21
 10908 | D:8      | Killed Pikel
 11067 | D:9      | Reached ** piety under Kikubaaqudgha
 11526 | D:10     | Entered Level 10 of the Dungeon
 11539 | D:10     | Noticed a gargoyle
 12774 | D:11     | Identified a scroll of acquirement
 13089 | D:11     | Noticed a cyclops
 13110 | D:11     | Killed a cyclops
 13473 | D:11     | Reached skill level 11 in Necromancy
 14025 | D:11     | Identified the ring "Ajeec" {AC+4 Slay+2}
 14064 | D:11     | Identified the +5 hand crossbow of the Mauling Gods {speed,
                  | rC+ Int+4 Dex-2}
 14138 | D:11     | Noticed an elephant
 14146 | D:11     | Killed an elephant
 14147 | D:11     | Gained mutation: Your movements are less encumbered by
                  | armour. (ER -4) [demonic ancestry]
 14147 | D:11     | Reached XP level 11. HP: 75/84 MP: 24/24
 14185 | D:11     | Found a staircase to the Lair.
 14220 | D:11     | Noticed a two-headed ogre
 14236 | D:11     | Killed a two-headed ogre
 14294 | D:11     | Noticed a boulder beetle
 14314 | D:11     | Killed a boulder beetle
 14545 | Lair:1   | Entered Level 1 of the Lair of Beasts
 14691 | Lair:1   | Acquired the +0 kite shield of Tenacity {Drain rF+++ Will+
                  | MP+9}
 15407 | Lair:2   | Reached skill level 1 in Shields
 15980 | Lair:3   | Reached skill level 12 in Necromancy
 16108 | Lair:3   | Learned a level 6 spell: Simulacrum
 16116 | Lair:3   | Reached *** piety under Kikubaaqudgha
 16116 | Lair:3   | Received a gift from Kikubaaqudgha
 16278 | Lair:3   | Reached skill level 10 in Spellcasting
 16309 | Lair:3   | Gained mutation: Your movements are significantly less
                  | encumbered by armour. (ER -6) [demonic ancestry]
 16309 | Lair:3   | Reached XP level 12. HP: 94/94 MP: 26/26
 16473 | Lair:3   | Found a staircase to the Shoals.
 16767 | Lair:3   | Found a hole to the Spider Nest.
 16881 | Lair:3   | Noticed a four-headed hydra
 16890 | Lair:3   | Killed a four-headed hydra
 17099 | Lair:4   | Reached **** piety under Kikubaaqudgha
 17275 | Lair:4   | Reached skill level 13 in Necromancy
 17336 | Lair:4   | Noticed a catoblepas
 17346 | Lair:4   | Killed a catoblepas
 17387 | Lair:4   | Noticed a five-headed hydra
 17497 | Lair:4   | Killed a five-headed hydra
 17586 | Lair:4   | Reached skill level 5 in Shields
 17717 | Lair:4   | Learned a level 6 spell: Death Channel
 17723 | Lair:4   | Learned a level 5 spell: Borgnjor's Vile Clutch
 17729 | Lair:4   | Learned a level 4 spell: Dispel Undead
 17752 | Lair:5   | Noticed a four-headed hydra
 17760 | Lair:5   | Killed a four-headed hydra
 17968 | Lair:5   | Reached XP level 13. HP: 103/103 MP: 27/27
 18355 | Lair:5   | Reached skill level 10 in Fighting
 19227 | D:4      | Killed Grinder
 19533 | D:8      | Killed purpskrrrp's ghost
 19911 | Lair:6   | Entered Level 6 of the Lair of Beasts
 19911 | Lair:6   | Found a runed translucent door.
 19911 | Lair:6   | Found a viscous altar of Jiyva.
 19912 | Lair:6   | Found a staircase to the Slime Pits.
 19999 | Lair:6   | Found a gate leading to a gauntlet.
 20066 | Lair:6   | Reached ***** piety under Kikubaaqudgha
 20443 | Lair:6   | Reached skill level 14 in Necromancy
 20473 | Lair:6   | Noticed a dire elephant
 20481 | Lair:6   | Noticed a dire elephant
 20500 | Lair:6   | Reached skill level 10 in Armour
 20520 | Lair:6   | Reached skill level 1 in Maces & Flails
 20959 | Lair:6   | Identified the +12 falchion "Suibuus" {drain, Dex+4}
 20959 | Lair:6   | Noticed a dire elephant
 22029 | D:12     | Gained mutation: You have claws for hands. [demonic
                  | ancestry]
 22029 | D:12     | Reached XP level 14. HP: 87/110 MP: 21/29
 23044 | D:12     | Found a faded altar of an unknown god.
 23054 | D:12     | Found a hazy altar of Hepliaklqana.
 23493 | Orc:1    | Entered Level 1 of the Orcish Mines
 23920 | Orc:1    | Found Igegoffu's Overcharged Wands.
 24001 | Orc:1    | Upgraded the game from 0.29-a0-551-gffc1d7fb78 to
                  | 0.29-a0-553-g81b289dbe5
 24031 | Orc:2    | Entered Level 2 of the Orcish Mines
 24134 | Orc:2    | Found a staircase to the Elven Halls.
 24197 | Orc:2    | Slain by a two-headed ogre

Illustrated notes

Levels and vault maps discovered:
D:1:      dpeg_arrival_prison, layout_basic, serial_corexii_hall,
          chequers_hall_statues_wall_a, chequers_hall_statues_wall_a
D:2:      layout_loops_cross, dreamdust_ecumenical_altar_hidden_monk_grotto
D:3:      layout_basic, serial_shops, nicolae_shop_advertising_works
          [nicolae_subvault_shop_adworks]
D:4:      layout_loops_corners, serial_bayou, serial_bayou_shore_b,
          serial_bayou_ford_a, serial_bayou_shore_a, serial_bayou_lake_a,
          uniq_grinder
D:5:      layout_basic, ashenzari_conservatory_becter,
          nemelex_dance_club_becter, minmay_temple_entry_offerings,
          nicolae_stop_n_shop_1, uniq_blork_the_orc, uniq_menkaure
D:6:      layout_basic
D:7:      layout_rooms, uniq_crazy_yiuf_cottage
D:8:      layout_loops_ring, biasface_ghost_orc_armoury
D:9:      layout_cave_pools, minmay_orc_entry_temple_small, uniq_pikel
D:10:     layout_roguey
D:11:     layout_irregular_city, david_lair_generic, due_unseen_surprise
D:12:     layout_basic, hex_large, beargit_hepliaklqana_dungeon_heroes
Temple:   mainiacjoe_temple_cubbyholes
Lair:1:   layout_misc_corridors
Lair:2:   layout_chaotic_city
Lair:3:   layout_concentric_octagons, shoals_dummy_entry,
          hellmonk_spider_entry_not_the_bees, grunt_megastairs_4
Lair:4:   layout_big_grid
Lair:5:   nzn_winding_woodlands_cross [nzn_winding_woodlands_5x15_eye,
          nzn_winding_woodlands_5x15_cabin,
          nzn_winding_woodlands_5x15_concentric,
          nzn_winding_woodlands_5x15_sawtooth,
          nzn_winding_woodlands_15x15_boxy_spiral], layout_long_grid,
          disabler_island, serial_bayou_shore_b, lemuel_fruit_tree
Lair:6:   due_jungle_book, layout_big_grid, slime_altar_2,
          gauntlet_entry_generic, infiniplex_staircase_pool_2
Orc:1:    layout_caves, nicolae_shop_overcharged_wands
Orc:2:    st_orc_ogre_mass, layout_caves, uniq_rupert

Skill      XL: |  1  2  3  4  5  6  7  8  9 10 11 12 13 14 |
---------------+-------------------------------------------+-----
Necromancy     | 5 6 7 8 9 10 11 12 13 14 | 14.9
Spellcasting   | 3 4 5 6 7 9 10 11 12 | 12.3
Fighting       | 1 3 5 7 8 9 10 | 10.0
Armour         | 1 3 5 6 8 9 10 | 10.0
Shields        | 2 5 7 8 |  8.0
Maces & Flails | 3 4 |  4.4
Dodging        | |  1.7
Stealth        | |  1.7

Action                   |  1- 3 |  4- 6 |  7- 9 | 10-12 | 13-15 || total
-------------------------+-------+-------+-------+-------+-------++-------
Melee: Unarmed           |    16 |       |       |       |       ||    16
       Short sword       |       |     9 |       |       |       ||     9
       Whip              |       |     8 |    76 |    30 |       ||   114
       Punch             |       |       |     1 |       |       ||     1
       Eveningstar       |       |       |       |   196 |   165 ||   361
 Fire: Hand crossbow     |       |       |       |     8 |     1 ||     9
 Cast: Necrotize         |    57 |   143 |    69 |     7 |       ||   276
       Vampiric Draining |       |     3 |    33 |    64 |   144 ||   244
       Animate Dead      |       |       |    12 |    18 |    13 ||    43
       Death Channel     |       |       |       |     1 |     9 ||    10
       Dispel Undead     |       |       |       |       |    38 ||    38
       Anguish           |       |       |       |       |     3 ||     3
Invok: Unearth Wretches  |       |       |       |       |     2 ||     2
Evoke: Wand              |       |       |     4 |     1 |       ||     5
  Use: Scroll            |     4 |     4 |     4 |    15 |     4 ||    31
       Potion            |       |       |       |       |     1 ||     1
 Stab: Distracted        |       |       |       |       |     6 ||     6
       Paralysed         |       |       |       |       |     2 ||     2
       Sleeping          |       |       |       |       |     1 ||     1
Armor: Robe              |     1 |       |       |       |       ||     1
       Leather armour    |     1 |     8 |     2 |       |       ||    11
       Scale mail        |       |       |    55 |   207 |   149 ||   411
       Ring mail         |       |       |       |       |    25 ||    25
Dodge: Dodged            |    17 |    26 |    79 |   236 |   217 ||   575
Block: Kite shield       |       |       |       |    99 |   202 ||   301

Table legend: (Time is in decaauts)
 A = Elapsed time spent in this place.
 B = Non-inter-level travel time spent in this place.
 C = Inter-level travel time spent in this place.
 D = Time resting spent in this place.
 E = Time spent auto-exploring this place.
 F = Levels seen in this place.
 G = Mean time per level.
                   A        B        C        D        E       F      G
               +--------+--------+--------+--------+--------+-----+--------+
         Total |  24494 |  23182 |   1312 |   2186 |  16702 |  21 | 1166.4 |
       Dungeon |  16976 |  16239 |    737 |   1700 |  11842 |  12 | 1414.7 |
        Temple |    334 |    288 |     46 |      0 |    263 |   1 |  334.0 |
          Lair |   6464 |   5964 |    500 |    486 |   4175 |   6 | 1077.3 |
  Orcish Mines |    718 |    690 |     28 |      0 |    422 |   2 |  359.0 |
               +--------+--------+--------+--------+--------+-----+--------+

Top non-repeatable levels by time:
     D:4: 1970 daAuts
    D:11: 1710 daAuts
    D:12: 1707 daAuts
     D:8: 1572 daAuts
     D:3: 1556 daAuts
  Lair:6: 1551 daAuts
     D:5: 1411 daAuts
     D:6: 1337 daAuts
  Lair:5: 1264 daAuts
    D:10: 1255 daAuts
     D:9: 1206 daAuts
     D:1: 1199 daAuts
     D:2: 1155 daAuts
  Lair:3: 1069 daAuts
  Lair:2: 1009 daAuts
